Map: Thunderbird LE

Players

Special

  • Race: Terran Terran
  • League: Master
  • Spawn Location: 11:00

LiquidMaNa (MaNa) - Winner!

  • Race: Protoss Protoss
  • League: Grandmaster
  • Spawn Location: 5:00

Event: HomeStory Cup XX

VOD

Have the link to the VOD?

Description

Time

  • Played on: Nov. 23, 2019, 3:18 p.m.
  • Length: 4:38

All games in this series

Show
View Real Time Build Order
Export as new Build Order

Special Terran 

Build Orders: Gas First Reaper Expand 

Get SALT Encoding   

  12  0:00  SCV  
  13  0:12  SCV  
  14  0:17  Supply Depot  
  14  0:24  SCV  
  14  0:27  Refinery  
  15  0:38  SCV  
  16  0:44  Barracks  
  16  0:50  SCV  
  17  1:03  SCV  
  18  1:15  SCV  
  19  1:31  Orbital Command, Reaper  
  20  1:40  Command Center  
  20  1:50  Factory  
  20  1:57  SCV  
  21  2:06  Barracks Reactor  
  21  2:09  SCV  
  21  2:13  Supply Depot  
  22  2:17  Refinery  
  22  2:21  SCV  
  23  2:34  SCV  
  24  2:40  Widow Mine  
  24  2:43  Marine x2  
  28  2:47  Starport  
  28  2:48  SCV  
  29  2:53  Orbital Command  
  29  3:00  SCV  
  29  3:01  Marine x2  
  29  3:02  Widow Mine  
  33  3:12  SCV  
  34  3:18  Marine, Supply Depot  
  34  3:19  Marine, SCV  
  37  3:23  Widow Mine  
  37  3:24  SCV  
  40  3:28  Medivac  
  42  3:36  SCV x2  
  42  3:39  Marine x2  
  46  3:43  Supply Depot  
  46  3:47  Factory Tech Lab  
  46  3:49  SCV x2  
  48  3:57  Marine x2  
  48  4:01  SCV x2  
  52  4:03  Starport Tech Lab  
  52  4:12  Command Center  
  52  4:13  SCV  
  52  4:15  Marine x2  
Show
View Real Time Build Order
Export as new Build Order

LiquidMaNa Protoss - Winner!

Build Orders: 1 Gate Expand, Oracle Opening 

Get SALT Encoding   

  12  0:00  Probe  
  13  0:12  Probe  
  14  0:19  Pylon  
  14  0:24  Probe  
  15  0:33  Probe  
  15  0:37  Gateway  
  15  0:41  Probe  
  16  0:46  Assimilator  
  17  0:51  Probe  
  18  1:03  Probe  
  19  1:22  Nexus  
  19  1:30  Cybernetics Core  
  19  1:31  Probe  
  20  1:38  Assimilator  
  20  1:43  Probe  
  21  1:50  Pylon  
  21  1:55  Probe  
  21  1:58  Adept  
  22  2:08  Probe  
  23  2:15  Stargate  
  25  2:20  Adept, Probe  
  26  2:22  Pylon  
  26  2:24  Warp Gate  
  26  2:34  Probe  
  29  2:37  Probe  
  29  2:46  Probe  
  29  2:49  Probe  
  31  2:51  Oracle, Adept  
  34  3:01  Probe  
  34  3:04  Probe  
  38  3:13  Probe  
  38  3:16  Probe  
  38  3:19  Oracle  
  40  3:20  Gateway  
  40  3:22  Gateway  
  40  3:31  Probe  
  40  3:33  Probe  
  45  3:43  Pylon, Probe  
  45  3:46  Probe  
  47  3:51  Twilight Council  
  47  3:52  Assimilator  
  47  3:56  Probe  
  47  3:58  Probe  
  47  4:02  Assimilator  
  49  4:05  Pylon  
  49  4:08  Probe  
  50  4:10  Probe  
  50  4:11  Phoenix  
  53  4:22  Stalker  
  55  4:27  Pylon, Stalker  
  55  4:28  Shield Battery  
Tags
 
Add a new tag
Caveats
  • Supply blocks, unpowered buildings, or Contaminate may cause inaccurate times.
  • Supply counts are checked every 10 seconds.